 Dungeon Crawl Stone Soup version 0.27-a0-1136-g0b992a5a9d (webtiles) character file.

Game seed: 10428243171406816623

1007 SkiChan the Chopper (level 8, -2/70 HPs)
             Began as a Minotaur Berserker on May 5, 2021.
             Was an Elder of Trog.
             Slain by an ogre
             ... wielding a +0 giant spiked club
              (27 damage)
             ... on level 6 of the Dungeon.
             The game lasted 00:04:32 (5087 turns).

SkiChan the Chopper (Minotaur Berserker)            Turns: 5087, Time: 00:04:33

Health: -2/70      AC: 11    Str: 30    XL:     8   Next: 0%
Magic:  7/7        EV: 10    Int:  5    God:    Trog [****..]
Gold:   146        SH:  4    Dex:  9    Spells: 7/7 levels left

rFire    . . .     SeeInvis +   l - +0 war axe
rCold    . . .     Faith    .   j - +0 buckler
rNeg     . . .     Spirit   .   u - +0 chain mail
rPois    .         Reflect  .   (helmet restricted)
rElec    .         Harm     .   (no cloak)
rCorr    .         Rampage  .   v - +0 pair of gloves
Will     .....                  (no boots)
Stlth    ..........             q - amulet of the acrobat
HPRegen  0.21/turn              i - +6 ring of strength
MPRegen  0.10/turn              o - ring of see invisible

@: on berserk cooldown, slowed, very slow
A: horns 2, retaliatory headbutt
a: Renounce Religion, Berserk, Trog's Hand, Brothers in Arms


You were on level 6 of the Dungeon.
You worshipped Trog.
Trog was greatly pleased with you.
You visited 1 branch of the dungeon, and saw 6 of its levels.

You collected 146 gold pieces.

Inventory:

Hand Weapons
 a - a +0 hand axe
 l - a +0 war axe (weapon)
Armour
 j - a +0 buckler (worn)
 u - a +0 chain mail (worn)
 v - a +0 pair of gloves (worn)
Jewellery
 b - a ring of positive energy
 i - a +6 ring of strength (left hand)
 o - a ring of see invisible (right hand)
 q - an amulet of the acrobat (around neck)
 x - a +6 ring of dexterity
 y - an amulet of magic regeneration
Scrolls
 c - a scroll of fog {unknown}
 d - 2 scrolls of identify {unknown}
 e - 5 scrolls of teleportation {unknown}
 m - 3 scrolls of magic mapping {unknown}
 n - a scroll of silence {unknown}
 p - 2 scrolls of noise {unknown}
 r - a scroll of immolation {unknown}
 s - a scroll of vulnerability {unknown}
 t - a scroll of enchant weapon {unknown}
Potions
 f - a potion of haste {unknown}
 g - 2 potions of flight {unknown}
 h - a potion of brilliance {unknown}
 k - a potion of resistance {unknown}
 w - a potion of attraction {unknown}
 z - a potion of curing {unknown}


   Skills:
 * Level 5.9 Fighting
 * Level 6.1(6.5) Axes
 + Level 3.2(5.1) Maces & Flails
 * Level 5.4 Armour
 * Level 4.8 Dodging
 * Level 3.7 Shields


You had 7 spell levels left.
You didn't know any spells.
Your spell library was empty.

Dungeon Overview and Level Annotations

Branches:
Dungeon (6/15)             Temple (0/1) D:4

Altars:

Shops:
D:3 *


Innate Abilities, Weirdness & Mutations

You have a pair of horns on your head.
You reflexively headbutt those who attack you in melee.


Message History

Unknown command.
You are too injured to fight recklessly!
You are too injured to fight recklessly!
You are too injured to fight recklessly!
Unknown command.
The ogre shouts!
You slash the gnoll!
You kill the gnoll!
Trog accepts your kill.
You feel sick. The gnoll hits you but does no damage.
The gnoll closely misses you. You furiously retaliate!
You headbutt the gnoll!
Things that are here:
a +0 club; a +0 leather armour; a gnoll corpse You slice the gnoll!!
You feel the power of Trog in you as your rage grows.
You kill the gnoll!
Trog accepts your kill.
You slash the wight!
You feel sick.
You are no longer poisoned.
The wight hits you with a +3 great sword!
You feel drained.
You barely miss the wight. You headbutt the wight.
You destroy the wight!
Trog accepts your kill.
Your life force feels restored.
You have reached level 8!
You feel stronger.
A wight comes into view. It is wielding a +4 trident.
Things that are here:
a +3 great sword; a +0 robe; a +0 halberd You feel a strong urge to attack something.
You are no longer berserk.
You are exhausted.
You feel yourself slow down.
A wight comes into view.
It is wielding a +1 falchion of freezing.
You slash the ogre!
The ogre is heavily wounded.
The ogre barely misses you. The wight misses you.
The ogre hits you with a +0 giant spiked club!!
You die...

...... .#......
......##.......
........#.#..## .
.......<#.#...#..
.....#....)......
.). #.#.........
....##.#.))......
.......))#.......
....#.@##.......
.......O# #......
.....#.z# ......
.....#..# ......
.... #.z# ......
... #... ####. .
##.. ##.


You could see an ogre and 2 wights.

Vanquished Creatures
  A necrophage (D:5)
  A black bear (D:5)
  A phantom (D:5)
  2 scorpions
  A water moccasin skeleton (D:5)
  A wight (D:6)
  4 hounds
  A jelly (D:5)
  2 orc priests (D:5)
  A gnoll shaman (D:6)
  2 iguanas (D:5)
  An orc wizard (D:5)
  A hound skeleton (D:4)
  4 gnolls (D:6)
  A howler monkey skeleton (D:4)
  4 adders
  4 dart slugs
  8 orcs
  4 bats
  8 endoplasms
  8 giant cockroaches
  4 hobgoblins
  23 jackals
  2 quokkas
  11 ball pythons
  A frilled lizard (D:2)
  5 goblins
  5 kobolds
  7 rats
118 creatures vanquished.

Notes
Turn   | Place    | Note
-------+----------+-------------------------------------------
     0 | D:1      | SkiChan the Minotaur Berserker began the quest for the Orb.
     0 | D:1      | Reached XP level 1. HP: 19/19 MP: 0/0
    57 | D:1      | Reached XP level 2. HP: 15/27 MP: 1/1
   265 | D:1      | Reached ** piety under Trog
   308 | D:1      | Reached skill level 4 in Axes
   424 | D:1      | Reached XP level 3. HP: 33/33 MP: 2/2
   637 | D:1      | Reached skill level 1 in Maces & Flails
  1174 | D:2      | Reached XP level 4. HP: 37/40 MP: 3/3
  1420 | D:2      | Reached *** piety under Trog
  2427 | D:3      | Found a faded altar of an unknown god.
  2467 | D:3      | Found Ucri's Assorted Antiques.
  3178 | D:4      | Found a staircase to the Ecumenical Temple.
  3494 | D:4      | Reached XP level 5. HP: 46/47 MP: 4/4
  3806 | D:4      | Reached skill level 1 in Shields
  4169 | D:5      | Entered Level 5 of the Dungeon
  4234 | D:5      | Reached skill level 5 in Axes
  4234 | D:5      | Reached XP level 6. HP: 42/53 MP: 5/5
  4345 | D:5      | Reached skill level 5 in Fighting
  4654 | D:5      | Reached XP level 7. HP: 57/61 MP: 6/6
  4733 | D:5      | Reached skill level 5 in Armour
  4800 | D:5      | Reached **** piety under Trog
  5075 | D:6      | Reached skill level 6 in Axes
  5085 | D:6      | Reached XP level 8. HP: 37/70 MP: 7/7
  5087 | D:6      | Slain by an ogre

Illustrated notes

Levels and vault maps discovered:
D:1:      onia_arrival_handbag, layout_basic, supply_closet_lemuel
D:2:      layout_loops_ring
D:3:      layout_loops_corners, hellmonk_ecumenical_altar_zigzags, serial_shops,
          nicolae_shop_waterfront, grunt_decor_one_mirror, dk_noncrumbling_2
D:4:      layout_basic, temple_statues
D:5:      layout_loops_ring
D:6:      layout_rooms

Skill      XL: |  1  2  3  4  5  6  7 |
---------------+----------------------+-----
Axes           | 4 5 6 |  6.1
Fighting       | 4 5 |  5.9
Armour         | 3 4 5 |  5.4
Maces & Flails | 1 2 3 |  3.2
Dodging        | 3 4 |  4.8
Shields        | 1 2 3 |  3.7

Action                   |  1- 3 |  4- 6 |  7- 9 || total
-------------------------+-------+-------+-------++-------
Melee: Hand axe          |    79 |    43 |       ||   122
       Headbutt          |     9 |    25 |     5 ||    39
       War axe           |       |    82 |    41 ||   123
Invok: Berserk           |     1 |       |     1 ||     2
 Stab: Sleeping          |     1 |       |       ||     1
Armor: Animal skin       |    13 |    20 |       ||    33
       Chain mail        |       |    15 |    19 ||    34
Dodge: Dodged            |    61 |    78 |    39 ||   178
Block: Buckler           |       |    14 |     9 ||    23

Table legend: (Time is in decaauts)
 A = Elapsed time spent in this place.
 B = Non-inter-level travel time spent in this place.
 C = Inter-level travel time spent in this place.
 D = Time resting spent in this place.
 E = Time spent auto-exploring this place.
 F = Levels seen in this place.
 G = Mean time per level.
                   A        B        C        D        E       F      G
               +--------+--------+--------+--------+--------+-----+--------+
         Total |   5135 |   4962 |    173 |    392 |   3969 |   6 |  855.8 |
       Dungeon |   5135 |   4962 |    173 |    392 |   3969 |   6 |  855.8 |
               +--------+--------+--------+--------+--------+-----+--------+

Top non-repeatable levels by time:
     D:4: 1210 daAuts
     D:2: 1023 daAuts
     D:3: 1009 daAuts
     D:1: 960 daAuts
     D:5: 913 daAuts
     D:6: 16 daAuts
